Map: Thunderbird LE

Players

soO

  • Race: Zerg Zerg
  • League: Master
  • Spawn Location: 11:00

Serral - Winner!

  • Race: Zerg Zerg
  • League: Master
  • Spawn Location: 5:00

Event: HomeStory Cup XX

VOD

Have the link to the VOD?

Description

Time

  • Played on: Nov. 23, 2019, 10:08 a.m.
  • Length: 11:35

All games in this series

Show
View Real Time Build Order
Export as new Build Order

soO Zerg 

Build Orders: Hatch First 

Get SALT Encoding   

  12  0:00  Drone  
  13  0:12  Overlord  
  13  0:16  Drone  
  14  0:30  Drone  
  14  0:31  Drone  
  16  0:48  Hatchery  
  15  0:51  Drone  
  15  0:54  Drone  
  17  0:57  Drone  
  18  1:09  Extractor  
  17  1:12  Spawning Pool  
  17  1:15  Drone  
  17  1:18  Drone  
  18  1:28  Drone  
  19  1:39  Drone  
  20  1:49  Overlord  
  20  1:58  Queen  
  20  1:59  Queen  
  20  2:00  Drone x2  
  26  2:08  Metabolic Boost  
  26  2:10  Zergling x2  
  26  2:11  Drone  
  28  2:21  Drone  
  29  2:25  Drone  
  30  2:33  Zergling x2, Drone  
  32  2:37  Hatchery  
  31  2:46  Overlord  
  31  2:47  Zergling x2  
  31  2:57  Baneling Nest  
  31  2:58  Drone x2  
  32  3:04  Drone  
  32  3:05  Drone x3  
  34  3:08  Queen  
  34  3:12  Drone  
  39  3:14  Drone  
  39  3:19  Drone  
  41  3:24  Overlord  
  41  3:29  Zergling x6  
  41  3:32  Overlord  
  44  3:38  Overlord  
  44  3:42  Baneling x2  
  44  3:45  Lair  
  44  3:48  Extractor  
  43  3:49  Extractor, Drone x3  
  43  3:50  Drone  
  43  3:55  Drone x2  
  48  3:56  Drone  
  48  3:58  Drone  
  48  4:01  Drone x2  
  52  4:06  Evolution Chamber  
  51  4:11  Drone x3  
  51  4:13  Overlord  
  51  4:15  Drone  
  55  4:21  Drone x2  
  55  4:22  Drone  
  58  4:25  Drone  
  58  4:27  Roach Warren  
  57  4:32  Drone  
  57  4:33  Drone x2  
  57  4:34  Extractor  
  59  4:40  Drone x2  
  59  4:44  Spire  
  59  4:45  Drone  
  61  4:47  Drone x2  
  61  4:51  Zerg Missile Weapons Level 1  
  63  4:53  Drone x3  
  63  4:55  Drone  
  63  4:57  Extractor  
  66  5:00  Drone x3  
  66  5:01  Drone  
  66  5:05  Drone x3  
  73  5:09  Extractor, Glial Reconstitution, Drone  
  73  5:17  Overlord  
  73  5:19  Drone, Overlord  
  74  5:27  Overlord  
  74  5:29  Overlord  
  74  5:33  Overlord  
  73  5:38  Zergling x6  
  73  5:42  Hatchery  
  76  5:50  Drone x3  
  76  5:55  Mutalisk x7  
  92  6:05  Overseer, Overlord  
  92  6:08  Overlord  
  92  6:20  Overlord  
  92  6:27  Roach  
  92  6:28  Roach x13  
  120  6:38  Overlord  
  120  6:39  Overlord  
  120  6:42  Roach x3  
  126  6:48  Zerg Missile Weapons Level 2  
  126  6:50  Roach  
  126  6:54  Roach x5  
  138  7:01  Roach x5  
  148  7:05  Overlord  
  148  7:10  Roach  
  150  7:16  Roach  
  150  7:18  Overlord  
  150  7:19  Overlord  
  150  7:21  Overlord  
  151  7:25  Roach x2  
  151  7:27  Roach x2  
  159  7:30  Overlord  
  159  7:32  Overlord x2  
  159  7:35  Overlord  
  159  7:36  Overlord  
  159  7:38  Roach x7  
  159  7:41  Ravager x2  
  159  7:42  Ravager x3  
  178  7:46  Roach  
  178  7:48  Roach  
  178  7:51  Roach x2  
  186  7:59  Roach  
  186  8:00  Roach x5  
  196  8:15  Roach x5  
  196  8:19  Ravager x2  
  195  8:21  Roach  
  195  8:22  Roach  
  195  8:24  Overlord  
  196  8:29  Roach x2  
  199  8:38  Roach  
  199  8:39  Roach x2  
  199  8:40  Roach x5  
  199  8:41  Roach  
  191  8:42  Roach  
  191  8:45  Roach  
  142  8:50  Roach x2  
  142  8:55  Roach  
  130  8:57  Roach  
  130  9:02  Ravager x3  
  135  9:03  Overseer, Roach x3  
  135  9:05  Queen  
  135  9:08  Ravager  
  135  9:09  Roach  
  146  9:12  Roach x2  
  146  9:14  Roach  
  152  9:21  Roach x9  
  160  9:27  Roach  
  160  9:32  Ravager x2  
  160  9:33  Roach x3  
  160  9:36  Extractor  
  169  9:38  Roach x3  
  169  9:44  Roach  
  175  9:49  Roach x7  
  175  9:51  Roach  
  191  9:55  Overseer  
  191  10:01  Roach x4  
  191  10:03  Hatchery  
  191  10:04  Ravager  
  199  10:10  Ravager  
  200  10:19  Roach x2  
  194  10:22  Roach x2  
  194  10:24  Roach x4  
  194  10:25  Roach x2  
  194  10:26  Roach  
  194  10:27  Roach x3  
  180  10:29  Roach  
  180  10:31  Roach  
  180  10:34  Roach  
  184  10:40  Ravager x2  
  184  10:41  Drone  
  184  10:42  Drone  
  188  10:45  Ravager  
  188  10:47  Roach x2  
  188  10:48  Roach x2  
  197  10:52  Extractor  
  197  10:54  Roach x2  
  200  11:05  Overseer  
  200  11:13  Roach  
  200  11:14  Roach x2  
  200  11:15  Roach x2  
  200  11:16  Roach  
Show
View Real Time Build Order
Export as new Build Order

Serral Zerg - Winner!

Build Orders: Hatch First, Lurkers, Roach Hydra 

Get SALT Encoding   

  12  0:00  Drone  
  13  0:11  Overlord  
  13  0:16  Drone  
  14  0:30  Drone x2  
  16  0:47  Hatchery  
  15  0:50  Drone  
  15  0:53  Drone  
  15  0:56  Drone  
  18  1:07  Extractor  
  17  1:12  Spawning Pool  
  17  1:15  Drone  
  17  1:19  Drone  
  18  1:27  Drone  
  19  1:38  Drone  
  20  1:49  Drone  
  21  2:00  Queen x2  
  21  2:01  Zergling x2, Overlord  
  25  2:07  Metabolic Boost  
  26  2:10  Drone x2  
  28  2:20  Drone  
  28  2:21  Drone  
  30  2:32  Hatchery  
  30  2:34  Drone  
  30  2:37  Drone  
  31  2:46  Queen  
  31  2:48  Overlord  
  32  2:52  Drone  
  32  2:54  Drone  
  34  3:00  Zergling x2  
  34  3:03  Baneling Nest  
  34  3:05  Zergling x2  
  35  3:08  Zergling x4  
  35  3:09  Zergling x2  
  35  3:11  Drone  
  39  3:14  Overlord  
  39  3:17  Drone  
  39  3:19  Drone  
  41  3:21  Drone  
  41  3:26  Drone  
  43  3:31  Overlord  
  43  3:32  Evolution Chamber  
  42  3:37  Overlord  
  42  3:40  Drone x3  
  45  3:45  Drone x2  
  45  3:46  Baneling  
  48  3:48  Drone  
  48  3:51  Drone  
  48  3:52  Drone  
  48  3:53  Drone  
  51  3:58  Zergling x2  
  51  3:59  Drone x2  
  51  4:02  Drone  
  55  4:04  Zerg Missile Weapons Level 1  
  55  4:05  Drone  
  55  4:06  Drone  
  56  4:12  Lair  
  56  4:15  Drone x2  
  58  4:20  Roach Warren  
  58  4:21  Drone  
  58  4:22  Extractor x2  
  56  4:28  Drone x5  
  56  4:30  Drone  
  62  4:31  Drone  
  62  4:34  Overlord  
  62  4:36  Drone  
  64  4:38  Drone  
  64  4:39  Drone  
  64  4:40  Drone  
  64  4:44  Drone x3  
  70  4:47  Pneumatized Carapace  
  70  4:48  Extractor  
  70  4:49  Overlord  
  70  4:50  Drone  
  70  4:52  Drone  
  71  4:56  Drone x3  
  74  5:02  Drone x2  
  74  5:03  Extractor, Drone x3  
  74  5:04  Drone  
  74  5:05  Extractor  
  78  5:09  Overseer  
  78  5:10  Roach  
  78  5:11  Roach x2  
  83  5:16  Roach  
  83  5:17  Roach  
  87  5:23  Hatchery  
  87  5:24  Glial Reconstitution  
  86  5:28  Overlord  
  86  5:29  Roach  
  86  5:33  Overlord x2  
  88  5:45  Drone, Overlord  
  88  5:49  Drone  
  96  5:50  Hydralisk Den  
  96  5:52  Drone x2  
  96  5:53  Drone, Evolution Chamber  
  96  5:55  Drone  
  96  5:56  Drone  
  99  6:00  Overseer  
  99  6:04  Spore Crawler  
  98  6:05  Roach x2  
  98  6:06  Zerg Missile Weapons Level 2  
  102  6:15  Spore Crawler x2  
  102  6:17  Spore Crawler  
  93  6:19  Hydralisk x4  
  93  6:20  Grooved Spines, Hydralisk x2  
  93  6:21  Lurker Den  
  104  6:26  Hydralisk x2  
  104  6:28  Overlord  
  104  6:29  Drone, Overlord  
  109  6:38  Roach x6  
  121  6:44  Zerg Ground Armor Level 1  
  121  6:45  Overlord  
  121  6:48  Overlord  
  121  6:49  Overlord  
  121  6:53  Hydralisk x2  
  123  6:57  Roach x3  
  129  7:05  Drone  
  129  7:06  Drone x2, Overlord  
  134  7:08  Roach x2  
  134  7:09  Roach  
  134  7:12  Extractor  
  137  7:16  Drone  
  137  7:18  Roach x2  
  137  7:19  Lurker x2  
  142  7:24  Lurker  
  142  7:25  Spore Crawler  
  142  7:28  Hydralisk x2  
  146  7:34  Queen  
  146  7:35  Drone  
  149  7:41  Roach x6  
  149  7:43  Infestation Pit  
  160  7:47  Lurker  
  161  7:56  Overlord x6  
  161  8:07  Hydralisk  
  161  8:08  Muscular Augments  
  161  8:12  Overlord  
  161  8:14  Hydralisk x4  
  161  8:19  Lurker x3  
  172  8:23  Drone x3  
  167  8:35  Roach x12  
  176  8:42  Roach x4  
  167  8:48  Roach x3  
  167  8:53  Hive  
  167  9:02  Drone x2  
  169  9:04  Lurker x2  
  169  9:05  Extractor, Overseer  
  169  9:06  Drone x3  
  173  9:10  Overlord  
  173  9:22  Hydralisk x3  
  173  9:23  Roach x6  
  185  9:33  Queen x2  
  185  9:35  Overlord x2  
  189  9:49  Overlord  
  189  9:51  Tunneling Claws  
  189  9:52  Burrow  
  189  9:53  Nydus Network  
  189  9:54  Seismic Spines, Drone  
  189  10:01  Lurker x2  
  189  10:02  Hatchery, Lurker  
  189  10:04  Hydralisk x2  
  189  10:05  Overseer, Roach x2  
  199  10:12  Overseer  
  193  10:26  Roach x12  
  188  10:29  Roach  
  188  10:30  Roach  
  192  10:46  Lurker x4  
  196  10:56  Nydus Canal  
  194  11:05  Roach x3  
Tags
 
Add a new tag
Caveats
  • Supply blocks, unpowered buildings, or Contaminate may cause inaccurate times.
  • Supply counts are checked every 10 seconds.